 Dungeon Crawl Stone Soup version 0.29.1 (webtiles) character file.

Game seed: 10630547561007522121

6115 funkygono the Thaumaturge (level 10, -4/55 HPs)
             Began as a Gargoyle Fire Elementalist on Sept 13, 2022.
             Was a Believer of Vehumet.
             Slain by a troll (12 damage)
             ... on level 9 of the Dungeon on Sept 14, 2022.
             The game lasted 00:23:39 (11453 turns).

funkygono the Thaumaturge (GrFE)                   Turns: 11453, Time: 00:23:40

Health: -4/55      AC: 17    Str: 12    XL:     10   Next: 89%
Magic:  16/22      EV: 12    Int: 20    God:    Vehumet [**....]
Gold:   1135       SH:  5    Dex: 10    Spells: 5/25 levels left

rFire   . . .      SeeInvis .   q - +3 morningstar (holy)
rCold   . . .      Faith    .   (no shield)
rNeg    + . .      Spirit   .   F - +1 robe {Will+}
rPois   ∞          Reflect  +   (no helmet)
rElec   +          Harm     .   k - +2 cloak {rCorr}
rCorr   +          Rampage  .   u - +2 pair of gloves
Will    +....                   M - +0 pair of boots
Stlth   ++........              C - amulet of reflection
HPRegen 0.18/turn               f - ring of flight
MPRegen 0.18/turn               w - ring of wizardry

@: flying
A: sickness immunity, AC +7, negative energy resistance 1, electricity
resistance, torment resistance 1, petrification resistance
a: Renounce Religion


You were on level 9 of the Dungeon.
You worshipped Vehumet.
Vehumet was pleased with you.
You visited 2 branches of the dungeon, and saw 10 of its levels.
You also visited: Ossuary.

You collected 1265 gold pieces.
You spent 130 gold pieces at shops.

Inventory:

Hand Weapons
 d - a +0 whip of freezing
 g - a +0 flail
 j - a +4 quarterstaff of chaos
 q - a +3 morningstar of holy wrath (weapon)
 s - a +1 quarterstaff of draining
 K - a +2 whip of flaming
Armour
 i - a +0 robe
 k - a +2 cloak of preservation (worn)
 u - a +2 pair of gloves (worn)
 F - a +1 robe of willpower (worn)
 I - the +1 Delatra's gloves {ID++}
   (You found it on level 6 of the Dungeon)

   It heals its wearer when they drink unknown potions.
   It restores its wearer's MP when they read unknown scrolls.
 M - a +0 pair of boots (worn)
Magical Staves
 c - a staff of cold
Jewellery
 f - a ring of flight (left hand)
 m - a ring of magical power
 w - a ring of wizardry (right hand)
 B - a ring of ice
 C - an amulet of reflection (around neck)
Wands
 t - a wand of iceblast (3)
 z - a wand of digging (5)
 N - a wand of quicksilver (13)
Scrolls
 e - 3 scrolls of fog
 h - 8 scrolls of teleportation
 y - a scroll of summoning
 A - 2 scrolls of fear
 D - 2 scrolls of identify
 E - a scroll of magic mapping
 H - a scroll of brand weapon
 J - a scroll of poison
Potions
 a - 2 potions of mutation
 b - 2 potions of magic
 l - 5 potions of lignification
 n - 2 potions of might
 o - 5 potions of heal wounds
 p - 3 potions of brilliance
 r - 2 potions of attraction
 v - a potion of resistance
 x - 5 potions of haste
 G - 2 potions of curing
 L - a potion of flight


   Skills:
 + Level 2.8 Fighting
 + Level 5.9 Maces & Flails
 + Level 3.9 Dodging
 - Level 2.1 Stealth
 + Level 1.9 Shields
 + Level 8.3 Spellcasting
 + Level 6.8 Conjurations
 + Level 8.2 Fire Magic
 * Level 3.2 Air Magic


You had 5 spell levels left.
You knew the following spells:

 Your Spells              Type           Power      Damage    Failure   Level
a - Foxfire               Conj/Fire      100%       2x1d9     1%          1
b - Scorch                Fire           82%        2d9       1%          2
c - Conjure Flame         Conj/Fire      38%        6-21      1%          3
d - Flame Wave            Conj/Fire      38%        2d10      1%          4
e - Airstrike             Air            10%        2d(2-18)  9%          4
f - Lightning Bolt        Conj/Air       14%        1d27      12%         5
g - Sandblast             Erth           16%        2d6       3%          1

Your spell library contained the following spells:

 Spells                   Type           Power      Damage    Failure   Level
 Static Discharge         Conj/Air       28%        3-7/arc   1%          2
 Inner Flame              Hex/Fire       24%        N/A       1%          3
 Freeze                   Ice            32%        1d5       3%          1
 Hailstorm                Conj/Ice       21%        3d6       9%          4
 Frozen Ramparts          Ice            16%        1d3       11%         3
 Gell's Gravitas          Tloc           8%         N/A       11%         3
 Lesser Beckoning         Tloc           8%         N/A       11%         3
 Teleport Other           Tloc           8%         N/A       11%         3
 Summon Lightning Spire   Summ/Air       14%        N/A       16%         4


Dungeon Overview and Level Annotations

Branches:
Dungeon (9/15)             Temple (1/1) D:7            Lair (0/5) D:8
Ossuary (visited)
    Orc: D:9-12

Altars:
Ashenzari
Cheibriados
Dithmenos
Elyvilon
Fedhas
Gozag
Hepliaklqana
Kikubaaqudgha
Nemelex Xobeh
Okawaru
Qazlal
Ru
Sif Muna
Uskayaw
Vehumet
Wu Jian
Xom
Yredelemnul
Zin
The Shining One
Lugonu

Shops:
D:5 *   D:6 (


Innate Abilities, Weirdness & Mutations

You are immune to sickness and miasma.
Your stone body is resilient. (AC +7)
You are immune to poison.
You resist negative energy. (rN+)
You are resistant to electric shocks. (rElec)
You are resistant to unholy torment.
You are immune to petrification.


Message History

Confirm with . or Enter, or press ? or * to list all spells.
Flames lash the troll.
The troll is burned terribly!
The troll is almost dead.
The foxfire hits the troll but does no damage.
The troll is almost dead.
Unknown command.
You barely miss the troll.
The troll is almost dead.
The troll bites you. The troll claws you. The troll completely misses you.
You closely miss the troll.
The troll is almost dead.
The troll bites you but does no damage. The troll barely misses you.
The troll claws you but does no damage.
You closely miss the troll.
The troll is severely wounded.
The troll bites you but does no damage. You block the troll's attack.
The troll claws you!
You hit the troll.
The troll is severely wounded.
The troll closely misses you. You block the troll's attack.
The troll claws you but does no damage.
You barely miss the troll.
The troll is severely wounded.
The troll bites you but does no damage.
The troll claws you but does no damage. x2
The troll bites you. The troll claws you but does no damage.
The troll closely misses you.
You barely miss the troll.
The troll is severely wounded.
The troll is no longer more vulnerable to fire.
The troll bites you! The troll claws you!
The troll claws you but does no damage.
You hit the troll.
The troll is severely wounded.
The troll bites you but does no damage. The troll closely misses you.
The troll claws you!
* * * LOW HITPOINT WARNING * * *
You hit the troll.
The troll is severely wounded.
The troll bites you!
You die...

###..# #.#... #.#..
#####..####.#(.# #....
..#.......#..... #.#..
#.#.#..##.###..#
###....
#.#.#..##.###†.#
.......
#.#............#
#....##.#....##.####†#
#.#..T.......##.# #.#
#..$.@.......##.## #.#
###.##...###.#...###..
# ##.## #.#.......#
..... ..#...####.
############# ## #


You could see a troll.

Vanquished Creatures
  Pikel (D:6)
  A hornet (D:9)
  A vampire (D:9)
  A wraith (D:5)
  A basilisk (D:9)
  4 yaks (D:9)
  A wyvern (D:9)
  A steam dragon (D:7)
  Menkaure (Ossuary)
  Duvessa (D:4)
  A water moccasin (D:6)
  A sky beast (D:6)
  2 black bears (D:5)
  3 orc warriors
  An ice beast (D:8)
  An ogre (D:4)
  4 centaurs
  3 kobold brigands
  4 lemures
  An elf zombie (Ossuary)
  3 bullfrogs
  5 wights (D:8)
  3 water moccasin zombies (D:4)
  Dowan (D:4)
  5 killer bees (D:8)
  3 vampire bats (D:8)
  A bullfrog zombie (D:4)
  5 centaur zombies
  Crazy Yiuf (D:2)
  3 jellies
  4 orc priests
  5 hounds
  Terence (D:2)
  Jessica (D:3)
  2 gnoll boudas (D:7)
  4 iguanas
  10 orc wizards
  An ogre zombie (Ossuary)
  6 mummies (Ossuary)
  6 adders
  14 gnolls
  A shadow imp (D:8)
  3 white imps
  2 ufetubi
  An adder zombie (Ossuary)
  A worm (D:2)
  2 dart slugs
  33 orcs
  6 bats
  2 bat skeletons (D:8)
  4 bat zombies (D:8)
  6 endoplasms
  6 giant cockroaches
  6 goblins
  7 hobgoblins
  8 jackals
  4 quokkas
  9 ball pythons
  4 frilled lizards
  6 goblin zombies
  2 hobgoblin zombies (Ossuary)
  19 kobolds
  3 kobold zombies (Ossuary)
  8 quokka zombies (Ossuary)
  10 rats
  6 rat zombies
277 creatures vanquished.

Vanquished Creatures (collateral kills)
  4 foxfires
4 creatures vanquished.

Vanquished Creatures (others)
  781 foxfires
  5 withered plants
786 creatures vanquished.

Grand Total: 1067 creatures vanquished

Notes
Turn   | Place    | Note
-------+----------+-------------------------------------------
     0 | D:1      | funkygono the Gargoyle Fire Elementalist began the quest
                  | for the Orb.
     0 | D:1      | Reached XP level 1. HP: 10/10 MP: 3/3
   132 | D:1      | Reached XP level 2. HP: 15/15 MP: 1/5
   136 | D:1      | Learned a level 2 spell: Scorch
   464 | D:1      | Found a faded altar of an unknown god.
   868 | D:1      | Reached XP level 3. HP: 19/19 MP: 3/6
   872 | D:1      | Learned a level 3 spell: Conjure Flame
  1226 | D:2      | Noticed Terence
  1241 | D:2      | Killed Terence
  1360 | D:2      | Reached XP level 4. HP: 24/24 MP: 4/7
  1850 | D:2      | Found a runed translucent door.
  1851 | D:2      | Noticed Crazy Yiuf
  2129 | D:2      | Killed Crazy Yiuf
  2130 | D:2      | Reached XP level 5. HP: 18/28 MP: 0/9
  2243 | D:2      | Learned a level 4 spell: Flame Wave
  2310 | D:3      | Noticed Jessica
  2315 | D:3      | Killed Jessica
  2546 | D:3      | Found a shimmering blue altar of Sif Muna.
  2800 | D:3      | Found an opulent altar of Gozag.
  2837 | D:3      | Found a glowing silver altar of Zin.
  3034 | D:3      | Found a hazy altar of Hepliaklqana.
  3237 | D:4      | Noticed an ogre
  3245 | D:4      | Killed an ogre
  3246 | D:4      | Reached XP level 6. HP: 33/33 MP: 11/11
  3271 | D:3      | Reached skill level 1 in Maces & Flails
  3576 | D:4      | Noticed Dowan
  3580 | D:4      | Noticed Duvessa
  3617 | D:4      | Killed Duvessa
  3618 | D:4      | Reached skill level 1 in Fighting
  3618 | D:4      | Reached XP level 7. HP: 23/38 MP: 10/13
  3981 | D:4      | Killed Dowan
  4039 | D:4      | Reached skill level 5 in Fire Magic
  4145 | D:4      | Reached skill level 5 in Spellcasting
  4635 | D:5      | Entered Level 5 of the Dungeon
  4720 | D:5      | Found Jomeipow's Assorted Antiques.
  4779 | D:5      | Found a sand-covered staircase.
  4819 | Ossuary  | Entered an ossuary
  4921 | Ossuary  | Reached XP level 8. HP: 43/43 MP: 15/15
  5165 | Ossuary  | Noticed Menkaure
  5179 | Ossuary  | Killed Menkaure
  5694 | D:5      | Found an ornate altar of the Wu Jian Council.
  5847 | D:5      | Noticed a wraith
  5870 | D:5      | Killed a wraith
  5871 | D:5      | Reached XP level 9. HP: 9/48 MP: 18/18
  6161 | D:5      | Bought a potion of heal wounds for 130 gold pieces
  6343 | D:5      | Found a stormy altar of Qazlal.
  6559 | D:5      | Found a blossoming altar of Fedhas.
  6559 | D:5      | Found a shadowy altar of Dithmenos.
  6580 | D:5      | Identified a scroll of acquirement
  6580 | D:5      | Acquired 684 gold pieces
  6658 | D:6      | Noticed Pikel
  6782 | D:6      | Reached skill level 5 in Conjurations
  6892 | D:6      | Found an iron altar of Okawaru.
  7420 | D:6      | Found a sacrificial altar of Ru.
  7510 | D:6      | Found Ethrosomn's Weapon Boutique.
  7648 | D:6      | Found a basalt altar of Yredelemnul.
  8040 | D:6      | Found the +1 Delatra's gloves {ID++}
  8301 | D:6      | Killed Pikel
  8387 | D:6      | Learned a level 4 spell: Airstrike
  8574 | D:7      | Reached skill level 5 in Maces & Flails
  8654 | D:7      | Reached XP level 10. HP: 32/54 MP: 18/21
  8806 | D:7      | Found a shimmering altar of Xom.
  8903 | D:7      | Reached skill level 1 in Air Magic
  9021 | D:7      | Reached skill level 1 in Shields
  9251 | D:7      | Found a staircase to the Ecumenical Temple.
  9258 | Temple   | Entered the Ecumenical Temple
  9271 | Temple   | Became a worshipper of Vehumet
  9759 | D:7      | Learned a level 5 spell: Lightning Bolt
  9801 | D:8      | Found a staircase to the Lair.
 10057 | D:8      | Reached * piety under Vehumet
 10057 | D:8      | Offered knowledge of Sandblast by Vehumet.
 10543 | D:8      | Found an ancient bone altar of Kikubaaqudgha.
 10638 | D:8      | Found a hide-covered altar of Uskayaw.
 10883 | D:8      | Learned a level 1 spell: Sandblast
 11327 | D:9      | Offered knowledge of Static Discharge by Vehumet.
 11332 | D:9      | Reached ** piety under Vehumet
 11453 | D:9      | Slain by a troll

Illustrated notes

Levels and vault maps discovered:
D:1:      dpeg_arrival_radiant, layout_basic, ebering_ecumenical_altar_petrified
D:2:      layout_rooms, minmay_small_reverse_x, uniq_crazy_yiuf_cottage,
          uniq_terence
D:3:      layout_rooms, pdpol_temple_overflow_zin_treasury_gozag_greed,
          mainiacjoe_overflow_boulevard, nzn_hepliaklqana_mist_gate,
          uniq_jessica
D:4:      layout_rooms, serial_undead, serial_undead_a, serial_undead_c,
          serial_undead_c, serial_undead_e, uniq_duvessa
D:5:      layout_loops_ring, lemuel_coloured_pillars_altar,
          nzn_wu_jian_contemplation, amethyst_overflow_temple_binary,
          serial_shops, shop, enter_ossuary_4, minmay_chambers_of_fives
D:6:      layout_loops_ring, okawaru_ov_weapons_minmay,
          nicolae_ru_path_of_blood, marbit_many_paths,
          amcnicky_mini_corridor_feature, nicolae_inconvenience_store,
          pf_guarded_unrand_delatra, uniq_pikel
D:7:      layout_loops_cross, dk_xom_monty_hall,
          minmay_temple_entry_enclosed_plants, minivault_1
D:8:      layout_rooms, nicolae_uskayaw_dance_studio, kennysheep_vampire_church,
          dpeg_oklobed_lair, minmay_misc_feat_rugged
D:9:      layout_loops_ring, hex_medium
Temple:   corrupted_temple

Skill      XL: |  1  2  3  4  5  6  7  8  9 10 |
---------------+-------------------------------+-----
Dodging        | 2 3 |  3.9
Conjurations   | 2 3 4 5 6 |  6.8
Spellcasting   | 3 4 5 6 7 8 |  8.3
Fire Magic     | 4 5 6 7 8 |  8.2
Maces & Flails | 1 2 5 |  5.9
Fighting       | 1 2 |  2.8
Air Magic      | 3 |  3.2
Shields        | 1 |  1.9
Stealth        | |  2.1

Action                   |  1- 3 |  4- 6 |  7- 9 | 10-12 || total
-------------------------+-------+-------+-------+-------++-------
Melee: Whip              |    17 |    11 |    37 |       ||    65
       Unarmed           |     7 |       |       |       ||     7
       Morningstar       |       |       |    92 |    41 ||   133
       Punch             |       |       |     1 |       ||     1
 Cast: Foxfire           |    51 |   101 |   192 |   122 ||   466
       Scorch            |     1 |    14 |    53 |    20 ||    88
       Flame Wave        |       |       |     6 |    12 ||    18
Evoke: Wand              |       |     1 |       |       ||     1
  Use: Scroll            |       |    10 |    16 |     2 ||    28
 Stab: Sleeping          |       |       |     1 |       ||     1
Armor: Robe              |     7 |    24 |    92 |    41 ||   164
Dodge: Dodged            |    13 |    32 |   140 |    50 ||   235
Block: Other             |       |       |    14 |    29 ||    43
       Reflection        |       |       |       |     4 ||     4
